Unix NetHack Version 5.0.0-0 post-release - last build Jul 14 2026 02:55:29 (1809b74e8187c3a3585e283601c3028b46cbbdcb,branch:main).

Game began 2026-07-18 17:36:14, ended 2026-07-19 17:30:01.

IanCurtis, chaotic male elven Wizard

                       --------
 -------               |._..._|
 |.....|               |......|
 |.....|              #-T.)...|
 |.....|    ###########|.@....|
 |<....|    #         #------.-
 |......#   #
 -------#   #
        #   ###%######
        #           ##
        #           #
        ##          #
         #----------#
         #|........-#
         #|.....)..|
         #.........|
          ----------

IanCurtis the Magician    St:9 Dx:18 Co:16 In:19 Wi:18 Ch:9  Chaotic
Dlvl:10 $:232 HP:0(58) Pw:131(142) AC:7  Xp:10 T:16562  Burdened

Latest messages:
 You put an uncursed scroll of teleportation into the sack.
 You put an uncursed potion of booze into the sack.
 You put an uncursed potion of extra healing into the sack.
 You put an uncursed potion of levitation into the sack.
 You put a cursed potion of object detection into the sack.
 You put an uncursed potion of water into the sack.
 What do you want to use or apply? [b-djkmnrswyDGIKPW or ?*] ?
 A giant bat suddenly appears next to you!
 The magic-absorbing blade stuns the giant bat!
 The giant bat bites!
 The giant bat bites!
 You kill the giant bat!
 You have a little trouble lifting p - a giant bat corpse.
 What do you want to drop? [$a-gjkmnp-yDEGI-NPRT-W or ?*] p
 A giant bat corpse lands on the altar.
 There is an uncursed giant bat corpse here; sacrifice it? [ynq] (n) y
 Your sacrifice is consumed in a burst of flame!
 You sense a conflict between Anhur and Thoth.
 You feel the power of Anhur increase.
 The altar glows black.
 You see here a scroll of destroy armor.
 You have a little trouble lifting z - a scroll of destroy armor.
 What do you want to use or apply? [b-djkmnrswyDGIKPW or ?*] P
 A yellow light suddenly appears next to you!
 You hit the yellow light!
 The yellow light explodes!
 You are blinded by a blast of light!
 What do you want to use or apply? [b-djkmnrswyDGIKPW or ?*] P
 A gecko suddenly appears next to you!
 You kill the gecko!
 A raven suddenly appears!
 You can see again.
 The troll throws a throwing star!
 You are hit by a throwing star!
 You stop searching.
 A throwing star lands on the altar.
 The magic-absorbing blade stuns the troll!
 The troll hits!
 The troll hits!
 The troll bites!
 The magic-absorbing blade cancels the troll!
 The troll hits!
 The troll hits!
 The troll bites!
 The magic-absorbing blade cancels the troll!
 The troll hits!
 The troll hits!
 The troll bites!
 You die...
 Do you want your possessions identified? [ynq] (y) q

Inventory:
 Coins    ('$')
  $ - 232 gold pieces
 Weapons  (')')
  a - the rustproof +0 Magicbane (weapon in right hand)
  N - the blessed fireproof +4 Sting
  T - a blessed +1 quarterstaff
 Armor    ('[')
  t - an uncursed greased +0 orcish helm (being worn)
  J - a blessed +0 pair of leather gloves (being worn)
  q - an uncursed greased +0 cloak of magic resistance (being worn)
 Comestibles  ('%')
  v - an uncursed candy bar labeled "Berry Bar"
  V - an uncursed cram ration
  f - 3 uncursed food rations
  u - 2 uncursed tripe rations
  M - 2 uncursed lizard corpses
 Scrolls  ('?')
  z - a blessed scroll of destroy armor
  g - 2 uncursed scrolls of teleportation
 Rings    ('=')
  U - an uncursed ring of conflict named Conflict
  x - a cursed ring of hunger
  E - an uncursed +1 ring of increase accuracy
  e - an uncursed ring of slow digestion (on right hand)
  R - an uncursed ring of sustain ability
 Wands    ('/')
  r - a wand of cold (0:4)
  j - a wand of create monster (0:14)
  D - a wand of fire (0:4)
  c - a wand of light (0:11)
  y - a wand of magic missile (0:7)
  K - a wand of secret door detection (0:11)
  G - a wand of speed monster (0:5)
  I - a wand of striking (0:3)
 Tools    ('(')
  b - an uncursed sack containing 24 items
  P - a bag of tricks (0:1)
  n - an uncursed blindfold
  W - a blessed brass lantern
  k - an uncursed lock pick
  m - a magic marker (0:19)
  w - an uncursed magic whistle named magic
  d - a +0 pick-axe
  s - an uncursed stethoscope
 Gems/Stones  ('*')
  L - a blessed luckstone named luck

Contents of the sack:
  745 gold pieces
  an uncursed scroll of blank paper
  a cursed scroll of confuse monster
  a blessed scroll of create monster
  a cursed scroll of destroy armor
  an uncursed scroll of fire
  an uncursed scroll of food detection
  a cursed scroll of identify
  an uncursed scroll of light
  an uncursed scroll of magic mapping
  an uncursed scroll of teleportation
  an uncursed spellbook of protection
  an uncursed potion of booze
  an uncursed potion of extra healing
  3 blessed potions of healing
  4 uncursed potions of healing
  an uncursed potion of levitation
  a cursed potion of object detection
  an uncursed potion of see invisible
  an uncursed potion of sleeping
  an uncursed potion of water
  an uncursed tallow candle
  a can of grease (0:3)
  a blessed luckstone named luck

IanCurtis the Wizard's attributes:

Background:
 You were a Magician, a level 10 male elven Wizard.
 You were chaotic, on a mission for Anhur
 who was opposed by Ptah (lawful) and Thoth (neutral).
 You were right-handed.
 You were in the Dungeons of Doom, on level 10.
 You entered the dungeon 16562 turns ago.
 You had 5628 experience points, 4372 more were needed to attain level 11.

Basics:
 You had 0 out of 58 hit points.
 You had 131 out of 142 energy points (spell power).
 Your armor class was 7.
 Your wallet contained 232 zorkmids, and
 you had 745 more stashed away in your pack.
 Autopickup was off.

Final Characteristics:
 Your strength was 9 (limit:18).
 Your dexterity was 18 (limit:18).
 Your constitution was 16 (limit:16).
 Your intelligence was 19 (limit:20).
 Your wisdom was 18 (limit:20).
 Your charisma was 9 (limit:18).

Final Status:
 You weren't hungry.
 You were burdened; movement was slightly slowed.
 You were wielding a dagger.
 You were skilled in dagger.

Final Attributes:
 You were piously aligned.
 You were magic-protected.
 You were cold resistant.
 You were sleep resistant.
 You were shock resistant.
 You were telepathic.
 You had infravision.
 You had slower digestion.
 You were warded.
 You were fast.
 You were extremely lucky.
 You had extra luck.
 Good luck did not time out for you.
 You are dead.

Miscellaneous:
 You didn't encounter any bones levels.
 Total elapsed playing time was 2 hours, 4 minutes and 12 seconds.

Major events:
 Turn
    1: IanCurtis the chaotic male elven Wizard entered the dungeon
  859: attained the rank of Conjurer (level 3)
 1175: entered the Gnomish Mines
 2588: attained the rank of Thaumaturge (level 6)
 3476: was bestowed with Magicbane by Anhur
 7065: entered Sokoban
 9260: reached Mine Town
10143: was bestowed with Sting by Anhur
12303: acquired the Mines' End luckstone
15476: attained the rank of Magician (level 10)
15831: the Oracle has been killed
16562: killed by a troll

Spells:
 Name                 Level Category     Fail Retention
 force bolt             1   attack         0%   17%-18%
 healing                1   healing        0%   11%-20%
 wizard lock            2   matter         1%   51%-75%
 protection             1   clerical       0%  76%-100%

Skills:
 Fighting Skills
   bare handed combat [Unskilled]
   riding             [Unskilled]
 Weapon Skills
   dagger             [Skilled]
   knife              [Unskilled]
   axe                [Unskilled]
   short sword        [Unskilled]
   club               [Unskilled]
   mace               [Unskilled]
   quarterstaff       [Skilled]
   polearms           [Unskilled]
   spear              [Unskilled]
   trident            [Unskilled]
   sling              [Unskilled]
   dart               [Unskilled]
   shuriken           [Unskilled]
 Spellcasting Skills
   attack spells      [Expert]
   healing spells     [Basic]
   divination spells  [Unskilled]
   enchantment spells [Basic]
   clerical spells    [Unskilled]
   escape spells      [Unskilled]
   matter spells      [Unskilled]

Voluntary challenges:
 Character rerolling was not enabled.
 You never genocided any monsters.
 You never polymorphed an object.
 You never changed form.
 You used no wishes.
 You did not violate any of the special Sokoban rules.
Achievements:
 You attained the rank of Conjurer.
 You entered the Gnomish Mines.
 You attained the rank of Thaumaturge.
 You entered Sokoban.
 You entered Minetown.
 You entered a temple.
 You entered a shop.
 You completed the Gnomish Mines.
 You attained the rank of Magician.

 The Dungeons of Doom: levels 1 to 10
    Level 1:
    Level 2:
       A fountain.
    Level 3: "vault"
       An altar to Anhur, a sink, a grave.
       Stairs down to The Gnomish Mines.
    Level 4:
    Level 5:
    Level 6:
       A fountain.
    Level 7:
       Many fountains.
       Oracle of Delphi.
    Level 8:
       Stairs up to Sokoban, level 7.
    Level 9:
       A fountain.
    Level 10: <- You were here.
       Many altars.
       Final resting place for
          you, killed by a troll.
 The Gnomish Mines: levels 4 to 11
    Level 4:
    Level 5:
    Level 6:
       Many shops, a temple and an altar to Anhur, some fountains.
    Level 7:
    Level 8:
    Level 9:
    Level 10:
    Level 11:
 Sokoban:
    Level 7:
       Unsolved.


Vanquished creatures:
the Oracle
  a winter wolf
 an ogre leader
  a pyrolisk
  2 tengu
  a pit viper
  a wraith
 an ettin zombie
  a leather golem
  3 watchmen
  a chameleon
  a crocodile
  a giant beetle
  a quivering blob
  a cockatrice
  6 wolves
  2 winter wolf cubs
  a panther
  a gremlin
  7 leprechauns
  2 iron piercers
  4 giant spiders
  2 horses
  a baby long worm
  a black light
  2 vampire bats
  3 gnome rulers
  a dwarf mummy
  a brown pudding
  a rust monster
  2 yetis
  5 lizards
  2 dingoes
  a jaguar
  a dwarf leader
  a blue jelly
  3 ravens
  2 gnome mummies
  a snake
  7 apes
  4 human zombies
  a rope golem
  a fire ant
  3 water nymphs
  2 orc shamans
  4 rock piercers
  7 rock moles
  5 ponies
  a fog cloud
  7 yellow lights
  2 shriekers
  3 violet fungi
 18 gnome leaders
  8 gnomish wizards
  a gray ooze
  a barrow wight
  7 elf zombies
  5 straw golems
  a paper golem
  7 giant ants
  2 little dogs
  8 floating eyes
  a kitten
 16 dwarves
  2 kobold leaders
 15 hill orcs
 13 rothes
  a rabid rat
  a centipede
  3 giant bats
  a monkey
  2 orc zombies
  5 dwarf zombies
  a wererat
  a werejackal
  7 iguanas
  6 killer bees
  4 acid blobs
  4 coyotes
  a gas spore
  7 hobbits
  a large kobold
  6 hobgoblins
  9 giant rats
  3 cave spiders
  a brown mold
 60 gnomes
  2 garter snakes
  6 gnome zombies
  7 geckos
  9 jackals
  a fox
  2 kobolds
  3 goblins
  a sewer rat
  4 grid bugs
  9 lichens
  a kobold zombie
 12 newts
404 creatures vanquished.

No species were genocided or became extinct.

Game over:
                       ----------
                      /          \
                     /    REST    \
                    /      IN      \
                   /     PEACE      \
                  /                  \
                  |    IanCurtis     |
                  |      977 Au      |
                  |   killed by a    |
                  |      troll       |
                  |                  |
                  |                  |
                  |       2026       |
                 *|     *  *  *      | *
        _________)/\\_//(\/(/\)/\//\/|_)_______

Goodbye IanCurtis the Wizard...

You died in The Dungeons of Doom on dungeon level 10 with 23892 points,
and 977 pieces of gold, after 16562 moves.
You were level 10 with a maximum of 58 hit points when you died.

